 Dungeon Crawl Stone Soup version 0.27-a0-148-g9515ab555c (webtiles) character file.

Game seed: 5417443857405948326

1183 timneilson the Covered (level 8, -4/49 HPs)
             Began as a Gargoyle Fighter on Jan 27, 2021.
             Killed from afar by Maggie (18 damage)
             ... with a bolt of fire
             ... on level 6 of the Dungeon.
             The game lasted 00:08:39 (5970 turns).

timneilson the Covered (Gargoyle Fighter)           Turns: 5970, Time: 00:08:39

Health: -4/49      AC: 21    Str: 22    XL:     8   Next: 42%
Magic:  8/8        EV:  6    Int:  9    God:
Gold:   392        SH: 11    Dex:  9    Spells: 7/7 levels left

rFire    . . .     SeeInvis .   w - +0 scimitar
rCold    . . .     Faith    .   c - +1 kite shield
rNeg     + . .     Spirit   .   n - +0 chain mail
rPois    ∞         Reflect  .   m - +0 helmet
rElec    +         Harm     .   h - +0 cloak
rCorr    .         Rampage  .   (no gloves)
Will     .....                  v - +2 pair of boots
Stlth    ..........             (no amulet)
HPRegen  0.16/turn              (no ring)
MPRegen  0.11/turn              (no ring)

@: mesmerised
A: negative energy resistance 1, electricity resistance, unbreathing,
petrification resistance, miasma immunity, AC +5
a: no special abilities


You were on level 6 of the Dungeon.
You visited 1 branch of the dungeon, and saw 6 of its levels.

You collected 392 gold pieces.

Inventory:

Hand Weapons
 a - a +1 long sword
 w - a +0 scimitar (weapon)
Armour
 c - a +1 kite shield (worn)
 h - a +0 cloak (worn)
 m - a +0 helmet (worn)
 n - a +0 chain mail (worn)
 v - a +2 pair of boots (worn)
Wands
 b - a wand of paralysis (5)
 u - a wand of flame (13)
Scrolls
 d - a scroll of enchant weapon
 e - 5 scrolls of teleportation
 i - a scroll of amnesia
 k - 7 scrolls of identify
 q - 2 scrolls of fog
 r - 2 scrolls of enchant armour
 s - 3 scrolls of remove curse
Potions
 f - a potion of mutation
 g - 4 potions of flight
 j - a potion of curing
 l - 2 potions of attraction
 p - a potion of magic
 t - a potion of lignification


   Skills:
 + Level 5.1 Fighting
 * Level 4.9 Long Blades
 * Level 6.5 Armour
 * Level 6.4 Shields
 + Level 1.3 Evocations


You had 7 spell levels left.
You didn't know any spells.
Your spell library was empty.

Dungeon Overview and Level Annotations

Branches:
Dungeon (6/15)
 Temple: D:4-7

Altars:
Kikubaaqudgha

Shops:
D:5 =

Annotations:
D:6 Maggie


Innate Abilities, Weirdness & Mutations

You are resistant to torment.
Your stone body is resilient. (AC +5)
You are immune to poison.
You resist negative energy. (rN+)
You are resistant to electric shocks. (rElec)
You can survive without breathing.
You are immune to petrification.
You are immune to miasma.


Message History

Maggie is heavily wounded.
Maggie points at you and mumbles some strange words.
The bolt of fire hits you! You block the scorpion's attack.
You barely miss Maggie.
Maggie is heavily wounded.
Maggie hits you with a +2 morningstar of flaming.
Maggie burns you. You block the scorpion's attack.
You barely miss Maggie.
Maggie is heavily wounded.
You block Maggie's attack. The scorpion stings you.
* * * LOW HITPOINT WARNING * * *
The scorpion stings you but does no damage.
Maggie barely misses you.
Unknown command.
You hit Maggie but do no damage.
Maggie is heavily wounded.
You block the scorpion's attack.
Maggie points at you and mumbles some strange words.
The bolt of fire hits you!!
You die...

##......####.##........#
#.......# #.##........#
#.......# #.##........#
#.####### #)##........#
..... #.###.#####.#
..### #.###.# ###
#.#...# ....
####.#.#######.# ...^#
.....#5s@......# ....#
#....@######## ....#
#............. ....#
#........##### ....#
....?.......
..#.........$
..##+##(?.....#
........# ..#######


You could see Maggie (mesmerising), a scorpion and a white imp.

Vanquished Creatures
  Sigmund (D:3)
  An orc warrior (D:6)
  An ogre (D:6)
  4 bullfrogs (D:6)
  A bullfrog zombie (D:6)
  3 hounds
  4 orc priests
  An orc wizard (D:5)
  A centaur skeleton (D:4)
  2 worker ants (D:5)
  Robin (D:3)
  3 gnolls (D:2)
  6 adders
  A shadow imp (D:5)
  2 white imps (D:5)
  An ufetubus (D:5)
  2 oozes (D:2)
  2 worms
  A dart slug (D:1)
  2 leopard geckos
  8 orcs
  4 giant cockroaches
  21 goblins
  11 hobgoblins
  6 jackals
  3 ball pythons
  7 bats
  6 frilled lizards
  7 kobolds
  A quokka skeleton (D:4)
  11 rats
125 creatures vanquished.

Vanquished Creatures (others)
  4 withered plants (D:2)
4 creatures vanquished.

Grand Total: 129 creatures vanquished

Notes
Turn   | Place    | Note
-------+----------+-------------------------------------------
     0 | D:1      | timneilson the Gargoyle Fighter began the quest for the
                  | Orb.
     0 | D:1      | Reached XP level 1. HP: 14/14 MP: 1/1
   476 | D:1      | Reached XP level 2. HP: 15/19 MP: 2/2
   816 | D:1      | Reached XP level 3. HP: 23/23 MP: 3/3
  1283 | D:2      | Reached XP level 4. HP: 12/28 MP: 4/4
  1932 | D:2      | Found an ancient bone altar of Kikubaaqudgha.
  2181 | D:2      | Reached XP level 5. HP: 33/33 MP: 5/5
  2522 | D:3      | Found a faded altar of an unknown god.
  2582 | D:3      | Noticed Robin
  2640 | D:3      | Killed Robin
  2956 | D:3      | Noticed Sigmund
  2972 | D:3      | Killed Sigmund
  2973 | D:3      | Reached skill level 5 in Armour
  2973 | D:3      | Reached XP level 6. HP: 12/38 MP: 6/6
  3569 | D:4      | Reached skill level 5 in Shields
  3976 | D:4      | Reached XP level 7. HP: 43/44 MP: 7/7
  4311 | D:5      | Entered Level 5 of the Dungeon
  4712 | D:5      | Found Tesoc's Jewellery Emporium.
  5323 | D:6      | Reached XP level 8. HP: 21/48 MP: 8/8
  5334 | D:6      | Reached skill level 1 in Evocations
  5672 | D:6      | Reached skill level 5 in Fighting
  5946 | D:6      | Noticed Maggie
  5970 | D:6      | Killed from afar by Maggie

Illustrated notes

Levels and vault maps discovered:
D:1:      dpeg_cavernosity, layout_basic
D:2:      layout_loops_corners, kiku_gazebo_garden_becter
D:3:      layout_basic, chequers_ecumenical_altar_grove, uniq_robin,
          uniq_sigmund
D:4:      layout_basic, hangedman_decor_clover_reticule
D:5:      layout_loops_ring, serial_shops, shop
D:6:      layout_basic, minmay_temple_entry_offerings, basic_altar,
          chequers_decorated_corner, corexii_item_surrounded_by_moat,
          grunt_ministairs_15, amethyst_killhole, uniq_maggie

Skill      XL: |  1  2  3  4  5  6  7  8 |
---------------+-------------------------+-----
Long Blades    | 2 3 4 |  4.9
Shields        | 4 5 6 |  6.4
Armour         | 4 5 6 |  6.5
Fighting       | 4 5 |  5.1
Evocations     | 1 |  1.3

Action                   |  1- 3 |  4- 6 |  7- 9 || total
-------------------------+-------+-------+-------++-------
Melee: Long sword        |   108 |   226 |   179 ||   513
       Scimitar          |       |       |    36 ||    36
  Use: Scroll            |     7 |     5 |     3 ||    15
       Potion            |       |     1 |     5 ||     6
Armor: Scale mail        |    46 |     7 |       ||    53
       Chain mail        |       |   163 |   128 ||   291
       Skin              |       |       |    14 ||    14
Dodge: Dodged            |    30 |    53 |    56 ||   139
Block: Kite shield       |    51 |   150 |   140 ||   341
       Rpst.: Long sword |     7 |    14 |    16 ||    37
       Scimitar          |       |       |     5 ||     5

Table legend: (Time is in decaauts)
 A = Elapsed time spent in this place.
 B = Non-inter-level travel time spent in this place.
 C = Inter-level travel time spent in this place.
 D = Time resting spent in this place.
 E = Time spent auto-exploring this place.
 F = Levels seen in this place.
 G = Mean time per level.
                   A        B        C        D        E       F      G
               +--------+--------+--------+--------+--------+-----+--------+
         Total |   6215 |   6097 |    118 |      0 |   4774 |   6 | 1035.8 |
       Dungeon |   6215 |   6097 |    118 |      0 |   4774 |   6 | 1035.8 |
               +--------+--------+--------+--------+--------+-----+--------+

Top non-repeatable levels by time:
     D:1: 1260 daAuts
     D:2: 1146 daAuts
     D:3: 1085 daAuts
     D:4: 979 daAuts
     D:5: 912 daAuts
     D:6: 831 daAuts
